 Dungeon Crawl Stone Soup version 0.17.0-23-g0de4337 (webtiles) character file.

17740 HaroldButt the Cruncher (level 12, -3/97 HPs)
             Began as a Formicid Gladiator on Nov 14, 2015.
             Was a High Priest of Trog.
             Engulfed by an ice statue's freezing vapour (19 damage)
             ... in an ice cave on Nov 15, 2015.
             The game lasted 00:55:09 (15940 turns).

HaroldButt the Cruncher (Formicid Gladiator)       Turns: 15940, Time: 00:55:09

Health: -3/97      AC: 21    Str: 20    XL:     12   Next: 86%
Magic:  12/12      EV:  7    Int:  9    God:    Trog [*****.]
Gold:   261        SH:  4    Dex: 10    Spells: 0 memorised, 11 levels left

rFire  . . .     SeeInvis +     V - +3 quarterstaff (drain)
rCold  . . .     Clarity  .     g - +0 plate armour
rNeg   . . .     SustAt   .     m - +0 buckler
rPois  +         Gourm    .     (helmet unavailable)
rElec  +         Spirit   .     t - +0 cloak
rCorr  .         Warding  .     f - +0 pair of gloves
rMut   .         Stasis   +     U - +0 pair of boots "Giemovea" {rElec rPois MR+++ Dex-5} (curse)
MR     ++++.                    (no amulet)
Stlth  ..........               h - +2 ring of protection
                                (no ring)

@: incredibly resistant to hostile enchantments, extremely unstealthy
A: permanent stasis, dig shafts and tunnels, four strong arms, antennae 3
a: Dig, Shaft Self, Trog's Hand, Brothers in Arms, Burn Spellbooks, Renounce
Religion


You were in an ice cave.
You worshipped Trog.
Trog was extremely pleased with you.
You were very hungry.

You visited 2 branches of the dungeon, and saw 13 of its levels.
You also visited: Ossuary and Ice Cave.

You collected 795 gold pieces.
You spent 534 gold pieces at shops.

Inventory:

Hand Weapons
 v - a +0 blowgun
 V - a +3 quarterstaff of draining (weapon)
Missiles
 c - 8 throwing nets (quivered)
 i - 116 poisoned needles
Armour
 f - a +0 pair of gloves (worn)
 g - a +0 plate armour (worn)
 m - a +0 buckler (worn)
 t - a +0 cloak (worn)
 R - a +0 pair of boots
 U - the cursed +0 pair of boots "Giemovea" (worn) {rElec rPois MR+++ Dex-5}
   (You bought it in a shop on level 10 of the Dungeon)

   It affects your dexterity (-5).
   It insulates you from electricity.
   It protects you from poison.
   It affects your resistance to hostile enchantments.
   It has a curse placed upon it.
Jewellery
 h - a +2 ring of protection (right hand)
Wands
 p - a wand of paralysis (15)
 u - a wand of digging (24)
 y - a wand of teleportation (2)
 C - a wand of frost (39)
 G - a wand of frost (33)
 P - a wand of draining (4)
 T - a wand of digging (7)
Scrolls
 k - 3 scrolls of recharging
 o - a scroll of magic mapping
 s - 2 scrolls of fog
 w - 7 scrolls of remove curse
 A - 2 scrolls of immolation
 L - a scroll of silence {unknown}
 M - a scroll of fear
 S - 3 scrolls of identify
 W - a scroll of enchant armour {unknown}
Potions
 b - 2 potions of cancellation
 e - a potion of ambrosia {unknown}
 q - a potion of cure mutation
 r - 3 potions of magic
 B - a potion of brilliance
 D - 2 potions of agility
 E - 6 potions of curing
 F - a potion of heal wounds {unknown}
 H - 2 potions of haste {unknown}
 I - a potion of might
 J - a potion of flight {unknown}
 K - 2 potions of mutation {unknown}
 O - 2 potions of berserk rage {unknown}
Books
 a - a book of Battle

   Spells                             Type                      Level
   a - Infusion                       Charms                       1
   b - Shroud of Golubria             Charms/Translocation         2
   c - Song of Slaying                Charms                       2
   d - Spectral Weapon                Hexes/Charms                 3
   e - Regeneration                   Charms/Necromancy            3
   Trog disapproves of the use of such an item.
 x - a book of Alchemy

   Spells                             Type                      Level
   a - Sublimation of Blood           Necromancy                   2
   b - Ignite Poison                  Fire/Transmutation/Poison    3
   c - Alistair's Intoxication        Transmutation/Poison         4
   d - Condensation Shield            Ice                          4
   e - Petrify                        Transmutation/Earth          4
   f - Irradiate                      Conjuration/Transmutation    5
   Trog disapproves of the use of such an item.
 z - a Fen Folio

   Spells                             Type                      Level
   a - Corpse Rot                     Necromancy                   2
   b - Stone Arrow                    Conjuration/Earth            3
   c - Leda's Liquefaction            Hexes/Earth                  4
   d - Summon Forest                  Summoning/Translocation      5
   e - Hydra Form                     Transmutation                6
   f - Summon Hydra                   Summoning                    7
   Trog disapproves of the use of such an item.
 N - a book of the Earth

   Spells                             Type                      Level
   a - Leda's Liquefaction            Hexes/Earth                  4
   b - Bolt of Magma                  Conjuration/Fire/Earth       5
   c - Statue Form                    Transmutation/Earth          6
   d - Iron Shot                      Conjuration/Earth            6
   e - Shatter                        Earth                        9
   Trog disapproves of the use of such an item.
 Q - an Akashic Record

   Spells                             Type                      Level
   a - Dispersal                      Translocation                6
   b - Malign Gateway                 Summoning/Translocation      7
   c - Disjunction                    Translocation                8
   d - Controlled Blink               Translocation                8
   Trog disapproves of the use of such an item.
Comestibles
 d - 10 bread rations
 j - 6 meat rations
 n - 9 beef jerkies


   Skills:
 - Level 10.0 Fighting
 - Level 14.6 Staves
 - Level 1.5 Throwing
 - Level 10.3 Armour
 + Level 3.3 Dodging
 + Level 3.9 Shields


You had 11 spell levels left.
You didn't know any spells.

Dungeon Overview and Level Annotations

Branches:
Dungeon (11/15)            Temple (0/1) D:7            Lair (2/8) D:10
    Orc (0/4) D:10

Altars:
Fedhas
Kikubaaqudgha
Makhleb
Nemelex Xobeh
Okawaru
Qazlal
Sif Muna
Trog
Yredelemnul
Zin

Shops:
D:10 [(

Annotations:
D:6 1 runed door IceCv exclusion: ice statue


Innate Abilities, Weirdness & Mutations

You are under a permanent stasis effect.
You can dig through walls and to a lower floor.
Your four strong arms can wield two-handed weapons with a shield.
You have a pair of large antennae on your head (SInv).


Message History

You hit the ice statue.
The ice statue is almost destroyed.
The ice beast hits you. The ice beast freezes you!
The ice statue throws cold at you. The freezing blast engulfs you!
You barely miss the ice statue.
The ice statue is almost destroyed.
You are engulfed in freezing vapours.
You block the ice beast's attack.
The ice beast hits you but does no damage.
You sock the ice statue!
The ice statue is almost destroyed.
You are engulfed in freezing vapours.
The ice statue throws cold at you. The bolt of cold hits you!
* * * LOW HITPOINT WARNING * * *
The ice beast barely misses you.
The ice beast hits you but does no damage.
Drink which item? (? for menu, Esc to quit)
You feel better.
You are engulfed in freezing vapours.
You die...

.# . . .##
####.# ##.##§#
# ####Y§#..# {
##.##.§@8..#.#
#.##.§YY§##.##
# #.#..##§.#.##
#.#.#.#####.##
#..#..###.##
#...##...#....#
#.# #.#......##
..
#≈#...###..## #
#≈≈##.#####..##


You could see an ice statue and 3 ice beasts.

Vanquished Creatures
  The ghost of herpmino the Covert, a journeyman OpAs of Cheibriados (Lair:1)
  Pikel (D:8)
  3 hill giants (D:11)
  The ghost of Gruud the Insei, a novice DsGl of Xom (D:6)
  A gargoyle (D:11)
  2 komodo dragons
  A kobold demonologist (D:11)
  6 polar bears (IceCv)
  A troll (D:10)
  Grinder (D:6)
  19 yaks
  A wyvern (D:10)
  2 deep elf magi
  2 basilisks
  2 hippogriffs
  6 wolves (IceCv)
  Menkaure (D:5)
  A mottled dragon (D:11)
  A naga (D:3)
  Edmund (D:6)
  Duvessa (D:7)
  4 porcupines
  8 orc warriors
  4 ice beasts
  3 slaves (D:8)
  2 water moccasins (Lair:1)
  A phantom (D:8)
  3 sky beasts
  5 ogres
  2 crocodiles
  A boggart (D:3)
  2 necrophages
  7 centaurs
  4 big kobolds
  6 giant frogs
  A gnoll sergeant (D:7)
  2 wyvern skeletons
  Dowan (D:7)
  5 wights (D:9)
  5 scorpions
  4 electric eels (D:10)
  5 crimson imps
  A centaur zombie (Ossuary)
  Crazy Yiuf (D:2)
  2 quasits
  Ijyb (D:2)
  2 centaur skeletons
  10 hounds
  8 orc wizards
  3 giant frog skeletons
  6 iguanas
  5 jellies
  7 orc priests
  7 worker ants
  A big kobold zombie (Ossuary)
  2 hound zombies
  5 mummies
  2 hound skeletons
  10 river rats (Lair:1)
  17 gnolls
  14 adders
  3 shadow imps
  12 white imps (Lair:2)
  An ooze (D:4)
  An adder skeleton (D:4)
  5 worms
  8 giant geckos
  47 orcs
  3 bats (D:1)
  9 giant cockroaches
  A gnoll zombie (Ossuary)
  11 hobgoblins
  6 quokkas
  2 ball pythons
  A giant gecko skeleton (D:4)
  6 giant newts
  14 goblins
  2 goblin zombies (Ossuary)
  3 hobgoblin zombies
  16 jackals
  A jackal skeleton (D:6)
  A jackal zombie (D:7)
  22 kobolds
  A kobold zombie (D:4)
  3 orc zombies
  A quokka skeleton (D:10)
  A rat (D:2)
415 creatures vanquished.

Vanquished Creatures (others)
  A wolf (IceCv)
  An adder (D:8)
2 creatures vanquished.

Grand Total: 417 creatures vanquished

Notes
Turn   | Place    | Note
--------------------------------------------------------------
     0 | D:1      | HaroldButt the Formicid Gladiator began the quest for the Orb.
     0 | D:1      | Reached XP level 1. HP: 16/16 MP: 1/1
   295 | D:1      | Reached XP level 2. HP: 17/22 MP: 2/2
   562 | D:1      | HP: 1/22 [hobgoblin (3)]
   910 | D:1      | Reached skill level 4 in Staves
   910 | D:1      | Reached XP level 3. HP: 20/27 MP: 3/3
  1556 | D:2      | Reached skill level 1 in Shields
  1616 | D:2      | Reached XP level 4. HP: 30/33 MP: 4/4
  1760 | D:2      | Found a sparkling altar of Nemelex Xobeh.
  1839 | D:2      | Noticed Crazy Yiuf
  1874 | D:2      | Killed Crazy Yiuf
  2381 | D:2      | Reached XP level 5. HP: 34/38 MP: 5/5
  2408 | D:2      | Noticed Ijyb
  2416 | D:2      | Killed Ijyb
  2672 | D:3      | Reached skill level 5 in Staves
  3014 | D:3      | Reached XP level 6. HP: 34/44 MP: 6/6
  3402 | D:3      | Reached skill level 6 in Staves
  3521 | D:3      | Reached XP level 7. HP: 50/50 MP: 7/7
  3795 | D:3      | Reached skill level 7 in Staves
  4025 | D:4      | Found a sand-covered staircase.
  4029 | Ossuary  | Entered an ossuary
  4191 | Ossuary  | Reached skill level 8 in Staves
  4684 | D:4      | Reached XP level 8. HP: 49/56 MP: 8/8
  5214 | D:5      | Entered Level 5 of the Dungeon
  5220 | D:5      | Found a bloodstained altar of Trog.
  5236 | D:5      | Became a worshipper of Trog the Wrathful
  5243 | D:5      | Found an ancient bone altar of Kikubaaqudgha.
  5244 | D:5      | Found a blossoming altar of Fedhas.
  5271 | D:5      | Reached skill level 9 in Staves
  5640 | D:5      | Noticed Menkaure
  5646 | D:5      | Killed Menkaure
  5646 | D:5      | Reached skill level 10 in Staves
  5966 | D:5      | Reached skill level 1 in Armour
  5966 | D:5      | Reached XP level 9. HP: 61/63 MP: 9/9
  6418 | D:6      | Reached * piety under Trog
  6810 | D:6      | Noticed Gruud's ghost (novice DsGl)
  6841 | D:6      | Killed Gruud's ghost
  6841 | D:6      | Reached skill level 5 in Fighting
  6961 | D:6      | Reached skill level 5 in Armour
  6992 | D:6      | Noticed Edmund
  7010 | D:6      | Killed Edmund
  7293 | D:6      | Found a glowing silver altar of Zin.
  7293 | D:6      | Noticed Grinder
  7307 | D:6      | Killed Grinder
  7327 | D:6      | Found a runed door.
  7329 | D:6      | Found a basalt altar of Yredelemnul.
  7508 | D:6      | Reached XP level 10. HP: 67/77 MP: 10/10
  7621 | D:7      | Found a stormy altar of Qazlal.
  7636 | D:7      | Found a burning altar of Makhleb.
  7636 | D:7      | Found a deep blue altar of Sif Muna.
  7638 | D:7      | Found a glowing silver altar of Zin.
  8161 | D:7      | Noticed Dowan
  8162 | D:7      | Noticed Duvessa
  8169 | D:7      | Killed Dowan
  8199 | D:7      | Killed Duvessa
  8217 | D:7      | Found a staircase to the Ecumenical Temple.
  8860 | D:8      | Reached ** piety under Trog
  9123 | D:8      | Found an iron altar of Okawaru.
  9388 | D:8      | Noticed Pikel
  9413 | D:8      | Killed Pikel
 10114 | D:9      | Reached *** piety under Trog
 10114 | D:9      | Reached XP level 11. HP: 88/88 MP: 11/11
 10297 | D:9      | Reached skill level 10 in Fighting
 10337 | D:9      | Reached skill level 10 in Armour
 10850 | D:10     | Entered Level 10 of the Dungeon
 11411 | D:10     | Reached **** piety under Trog
 11525 | D:10     | Found Soeven's Weapon Shoppe.
 11527 | D:10     | Found a staircase to the Orcish Mines.
 11560 | D:10     | Reached skill level 11 in Staves
 11579 | D:10     | Found Lool's Armour Shoppe.
 11609 | D:10     | Bought the cursed +0 pair of boots "Giemovea" {rElec rPois MR+++ Dex-5} for 285 gold pieces
 11644 | D:10     | Found a staircase to the Lair.
 11893 | D:10     | Bought a +2 quarterstaff of draining for 249 gold pieces
 12696 | D:11     | Noticed a hill giant
 12710 | D:11     | Killed a hill giant
 12710 | D:11     | Reached skill level 12 in Staves
 12996 | D:11     | Noticed a hill giant
 13009 | D:11     | Killed a hill giant
 13357 | D:11     | Noticed a hill giant
 13383 | D:11     | Killed a hill giant
 13383 | D:11     | Reached XP level 12. HP: 74/96 MP: 12/12
 13708 | Lair:1   | Entered Level 1 of the Lair of Beasts
 13917 | Lair:1   | Reached ***** piety under Trog
 13917 | Lair:1   | Reached skill level 13 in Staves
 14191 | Lair:1   | Noticed herpmino's ghost (journeyman OpAs)
 14212 | Lair:1   | Killed herpmino's ghost
 14689 | Lair:2   | Reached skill level 14 in Staves
 14691 | Lair:2   | Found a frozen archway.
 14759 | IceCv    | Entered an ice cave
 15940 | IceCv    | Engulfed by an ice statue's freezing vapour

Action                   |  1- 3 |  4- 6 |  7- 9 | 10-12 || total
-------------------------+-------+-------+-------+-------++-------
Melee: Quarterstaff      |   100 |   182 |   321 |  1135 ||  1738
Throw: Throwing net      |       |       |     1 |     6 ||     7
 Abil: Dig               |       |     1 |     3 |    16 ||    20
Evoke: Wand              |       |       |       |     3 ||     3
  Use: Potion            |     1 |     1 |     1 |     1 ||     4
       Scroll            |       |       |    18 |     7 ||    25
 Stab: Paralysed         |       |     1 |     6 |     8 ||    15
       Petrifying        |       |       |     1 |     1 ||     2
       Petrified         |       |       |     1 |       ||     1
  Eat: Chunk             |     2 |     7 |    13 |    29 ||    51
